Map: Curious Minds LE

Players

VaRogue

  • Race: Zerg Zerg
  • League: Silver
  • Spawn Location: 11:00

Tithmar - Winner!

  • Race: Protoss Protoss
  • League: Master
  • Spawn Location: 5:00

VOD

Have the link to the VOD?

Description

Time

  • Played on: May 6, 2022, 7:29 p.m.
  • Length: 18:30
Show
View Real Time Build Order
Export as new Build Order

VaRogue Zerg 

Build Orders: Pool First 

Get SALT Encoding   

  12  0:00  Drone  
  13  0:22  Spawning Pool  
  13  0:25  Drone  
  13  0:36  Overlord  
  13  0:40  Drone  
  14  0:44  Extractor  
  14  0:46  Drone  
  14  1:09  Queen  
  14  1:10  Zergling x6  
  19  1:22  Drone  
  20  1:35  Overlord  
  20  1:54  Overlord  
  17  2:25  Roach Warren  
  17  2:28  Metabolic Boost  
  16  2:34  Drone x2  
  16  2:35  Overlord, Drone x2  
  16  2:36  Drone  
  21  2:44  Spine Crawler  
  20  3:24  Roach x6  
  20  3:25  Roach  
  34  3:39  Spore Crawler  
  33  3:43  Drone  
  34  3:58  Overlord  
  34  4:00  Drone x3  
  37  4:02  Extractor  
  37  4:08  Burrow  
  36  4:41  Roach x3  
  36  4:42  Roach x2  
  46  4:51  Evolution Chamber  
  45  5:01  Zergling x2  
  45  5:02  Zergling x8  
  50  5:27  Zerg Missile Weapons Level 1  
  50  5:54  Ravager x4  
  54  6:00  Overlord x2  
  38  7:29  Roach x3  
  28  8:01  Lair  
  28  8:04  Zerg Ground Armor Level 1  
  21  8:11  Spore Crawler  
  21  8:12  Drone  
  21  8:13  Drone  
  22  8:21  Spore Crawler  
  21  8:30  Hatchery  
  21  9:10  Hydralisk Den  
  20  9:24  Extractor  
  19  9:40  Spore Crawler  
  18  9:47  Hydralisk x6  
  18  9:48  Hydralisk x6  
  18  9:51  Hydralisk  
  44  9:53  Zergling x2, Hydralisk  
  44  9:54  Zergling x8  
  51  10:19  Hatchery  
  50  10:40  Grooved Spines  
  50  11:09  Overlord  
  50  11:10  Overlord  
  50  11:19  Overlord x3  
  50  11:22  Overlord  
  50  11:34  Pneumatized Carapace  
  50  11:52  Muscular Augments  
  50  11:59  Queen  
  50  12:00  Drone x3  
  55  12:08  Drone x2  
  55  12:09  Overlord, Drone x4  
  55  12:10  Drone x2  
  63  12:34  Spore Crawler  
  62  12:47  Drone x5  
  67  12:58  Extractor  
  67  13:00  Glial Reconstitution  
  67  13:01  Extractor  
  67  13:02  Zerg Missile Weapons Level 2  
  65  13:12  Spore Crawler  
  64  14:04  Baneling Nest  
  64  14:08  Drone x3  
  64  14:09  Overlord, Drone x5  
  71  14:23  Hatchery  
  70  14:29  Spire  
  69  15:11  Centrifugal Hooks  
  69  15:16  Zergling x6  
  69  15:17  Zergling x8, Extractor  
  69  15:18  Zergling x8  
  79  15:25  Zerg Melee Weapons Level 1  
  79  15:29  Overseer x2  
  79  15:37  Spore Crawler  
  79  15:41  Queen  
  80  15:44  Drone x4  
  80  15:45  Drone x3  
  87  15:51  Drone x2  
  89  16:08  Baneling x4  
  89  16:09  Baneling x7  
  89  16:20  Extractor, Drone x3  
  89  16:23  Overlord x2, Drone x2  
  91  17:11  Corruptor x6  
  91  17:12  Corruptor x4  
Show
View Real Time Build Order
Export as new Build Order

Tithmar Protoss - Winner!

Build Orders: Carriers 

Get SALT Encoding   

  12  0:00  Probe  
  13  0:12  Probe  
  14  0:20  Pylon  
  14  0:24  Probe  
  15  0:38  Gateway, Probe (Chrono Boost)  
  16  0:49  Assimilator, Probe (Chrono Boost)  
  17  0:54  Probe (Chrono Boost)  
  18  1:04  Probe  
  19  1:16  Probe  
  20  1:29  Zealot (Chrono Boost)  
  22  1:39  Cybernetics Core  
  22  1:42  Gateway  
  22  1:49  Pylon  
  22  1:52  Pylon  
  22  2:05  Zealot (Chrono Boost)  
  22  2:12  Gateway  
  20  2:29  Zealot (Chrono Boost)  
  22  2:35  Warp Gate (Chrono Boost)  
  22  2:40  Probe  
  23  2:49  Stalker  
  23  2:51  Stalker  
  27  2:53  Probe  
  28  3:01  Assimilator  
  28  3:05  Probe  
  29  3:17  Probe  
  29  3:19  Sentry  
  32  3:25  Stalker  
  34  3:29  Probe  
  34  3:31  Gateway  
  35  3:35  Gateway  
  35  3:44  Shield Battery  
  35  4:04  Nexus  
  35  4:15  Stargate  
  35  4:30  Stalker x2  
  39  4:41  Pylon  
  39  4:50  Twilight Council  
  39  4:59  Probe (Chrono Boost)  
  40  5:08  Probe (Chrono Boost)  
  41  5:16  Probe (Chrono Boost)  
  41  5:18  Probe (Chrono Boost)  
  43  5:26  Oracle (Chrono Boost)  
  43  5:28  Probe (Chrono Boost)  
  45  5:29  Probe (Chrono Boost)  
  45  5:32  Probe (Chrono Boost)  
  49  5:37  Probe  
  50  5:49  Probe  
  51  5:53  Zealot  
  51  5:54  Zealot x4  
  51  5:56  Probe  
  62  6:03  Pylon  
  62  6:09  Pylon  
  62  6:18  Probe  
  61  6:24  Stalker x3  
  51  6:35  Void Ray (Chrono Boost)  
  43  6:47  Zealot x3  
  43  6:48  Zealot  
  55  7:18  Void Ray (Chrono Boost)  
  54  7:36  Probe x2  
  49  7:48  Probe x2  
  46  8:00  Probe (Chrono Boost)  
  46  8:04  Probe (Chrono Boost)  
  47  8:12  Probe (Chrono Boost)  
  49  8:16  Probe (Chrono Boost)  
  49  8:17  Probe (Chrono Boost)  
  50  8:20  Pylon  
  50  8:24  Probe  
  51  8:27  Probe  
  56  8:34  Void Ray (Chrono Boost)  
  56  8:37  Probe  
  56  8:39  Probe  
  58  8:49  Probe  
  58  8:51  Probe  
  60  9:01  Probe  
  65  9:03  Void Ray, Probe  
  66  9:24  Charge (Chrono Boost)  
  66  9:31  Assimilator  
  70  9:46  Void Ray  
  70  10:01  Gateway, Probe x2  
  70  10:03  Cybernetics Core  
  72  10:13  Probe x2  
  74  10:21  Phoenix  
  74  10:25  Probe x2  
  78  10:46  Templar Archives  
  78  10:54  Pylon  
  78  10:55  Pylon  
  78  10:56  Blink  
  78  11:12  Phoenix (Chrono Boost)  
  80  11:27  Nexus  
  80  11:28  Pylon  
  80  11:32  Pylon  
  80  11:34  Phoenix (Chrono Boost)  
  80  11:37  Pylon  
  82  11:41  Pylon  
  82  11:52  Phoenix  
  80  12:04  Stargate  
  80  12:05  Stargate  
  80  12:06  Stargate  
  80  12:10  Fleet Beacon  
  80  12:17  Phoenix (Chrono Boost)  
  80  12:18  Shield Battery  
  82  12:26  Shield Battery  
  82  12:31  Assimilator  
  82  12:39  Phoenix (Chrono Boost)  
  84  12:51  Pylon  
  84  12:55  Pylon  
  84  12:57  Phoenix  
  86  12:58  Pylon  
  86  13:04  Forge, Assimilator  
  86  13:06  Protoss Air Weapons Level 1 (Chrono Boost)  
  86  13:09  Assimilator  
  86  13:22  Phoenix  
  86  13:24  Sentry  
  86  13:25  Sentry x2  
  94  13:32  Psionic Storm  
  94  13:59  Nexus  
  94  14:02  Pylon  
  94  14:04  Pylon  
  94  14:09  Pylon  
  94  14:11  Pylon  
  94  14:16  Assimilator  
  94  14:20  Assimilator  
  94  14:32  Probe  
  95  14:44  Probe  
  96  14:56  Probe  
  97  15:08  Probe  
  97  15:10  Robotics Facility  
  97  15:13  Pylon  
  98  15:17  Probe  
  98  15:20  Probe  
  100  15:29  Probe  
  100  15:30  Carrier x3  
  100  15:31  Carrier  
  100  15:32  Probe  
  126  15:42  Probe  
  127  15:44  Probe  
  128  15:54  Probe  
  128  15:57  Probe  
  130  16:06  Probe  
  131  16:15  Protoss Air Weapons Level 2 (Chrono Boost)  
  131  16:16  Anion Pulse-Crystals  
  131  16:28  Observer, Protoss Shields Level 1 (Chrono Boost)  
  132  16:39  Carrier  
  138  16:49  Observer  
  139  17:20  Flux Vanes  
  139  17:24  Carrier x3  
  139  17:27  Probe  
  158  17:39  Probe  
  159  17:50  Cybernetics Core  
  159  17:51  Probe  
  160  18:03  Probe  
  160  18:06  Stalker x4  
  168  18:15  Probe  
Tags
 
Composition
Carriers
Matchup
PvZ
Opening
Pool First
Spawn Locations
Cross Positions
Add a new tag
Caveats
  • Supply blocks, unpowered buildings, or Contaminate may cause inaccurate times.
  • Supply counts are checked every 10 seconds.